 Dungeon Crawl Stone Soup version 0.29-a0-914-g906f1d757c (webtiles) character file.

Game seed: 3338727561879432382

84092 tilp the Lord of Darkness (level 15, -17/120 HPs)
             Began as a Mummy Necromancer on July 24, 2022.
             Was the Champion of Kikubaaqudgha.
             Demolished by a titanic slime creature (47 damage)
             ... on level 13 of the Dungeon on July 27, 2022.
             The game lasted 01:07:53 (27092 turns).

tilp the Lord of Darkness (Mummy Necromancer)      Turns: 27092, Time: 01:07:53

Health: -17/120    AC: 15    Str: 12    XL:     15   Next: 34%
Magic:  19/31      EV: 18    Int: 25    God:    Kikubaaqudgha [******]
Gold:   1146       SH:  0    Dex: 12    Spells: 1/39 levels left

rFire   + . .      SeeInvis .   a - +7 scimitar of Kaido {vorpal, rN+}
rCold   + . .      Faith    .   (no shield)
rNeg    + + +      Spirit   .   E - +2 robe {rC+ rF+}
rPois   ∞          Reflect  .   Q - +2 hat {Will+}
rElec   .          Harm     .   v - +2 cloak
rCorr   .          Rampage  .   f - +2 pair of gloves
Will    ++...                   G - +2 pair of boots {Fly}
Stlth   ++........              m - amulet of regeneration
HPRegen 1.10/turn               d - ring "Lues" {Fire Int+3}
MPRegen 0.22/turn               e - +4 ring of evasion

@: death channelling, flying
A: cold resistance 1, negative energy resistance 3, torment resistance 2, heat
vulnerability 1, in touch with death 2, no potions
a: Renounce Religion, Unearth Wretches, Torment


You were on level 13 of the Dungeon.
You worshipped Kikubaaqudgha.
Kikubaaqudgha was exalted by your worship.
You visited 3 branches of the dungeon, and saw 20 of its levels.
You also visited: Gauntlet.

You collected 1997 gold pieces.
You spent 851 gold pieces at shops.

Inventory:

Hand Weapons
 a - the +7 scimitar of Kaido (weapon) {vorpal, rN+}
   (You took it off an orc on level 7 of the Dungeon)

   It inflicts extra damage upon your enemies.
   rN:        It protects you from negative energy.
Missiles
 u - 62 poisoned darts (quivered)
 A - 34 boomerangs
 F - 4 curare-tipped darts
 J - 12 javelins
 N - 7 boomerangs of dispersal
Armour
 c - a +1 helmet
 f - a +2 pair of gloves (worn)
 v - a +2 cloak (worn)
 E - a +2 robe of resistance (worn)
 G - a +2 pair of boots of flying (worn)
 Q - a +2 hat of willpower (worn)
Jewellery
 d - the ring "Lues" (left hand) {Fire Int+3}
   (You found it on level 9 of the Dungeon)

   [ring of fire]

   It enhances your fire magic.
   Int:       It affects your intelligence (+3).
   rF:        It protects you from fire.
   rC:        It makes you vulnerable to cold.
 e - a +4 ring of evasion (right hand)
 g - a ring of magical power
 h - a +4 ring of slaying
 j - an amulet of reflection
 m - an amulet of regeneration (around neck)
 o - a +4 ring of evasion
 q - a ring of ice
 r - a ring of willpower
 I - a +6 ring of dexterity
 M - a ring of willpower
 R - a ring of magical power
 X - a ring of see invisible
 Y - a ring of resist corrosion
Wands
 t - a wand of flame (13)
 z - a wand of quicksilver (4)
 D - a wand of polymorph (6)
 K - a wand of charming (8)
 P - a wand of mindburst (5)
 T - a wand of iceblast (3)
Scrolls
 b - a scroll of enchant weapon
 i - 3 scrolls of teleportation
 k - 4 scrolls of immolation
 l - 5 scrolls of magic mapping
 p - 4 scrolls of blinking
 s - 3 scrolls of fog
 x - 3 scrolls of fear
 y - 3 scrolls of brand weapon
 B - a scroll of summoning
 C - 2 scrolls of silence
 L - 4 scrolls of poison
 S - a scroll of vulnerability
 V - 2 scrolls of identify
 W - 2 scrolls of amnesia


   Skills:
 - Level 12.0 Fighting
 - Level 4.0 Armour
 + Level 7.4 Dodging
 - Level 2.0 Stealth
 + Level 12.5 Spellcasting
 + Level 7.7 Hexes
 * Level 2.1 Summonings
 * Level 16.5 Necromancy
 + Level 6.0 Earth Magic
 + Level 6.0 Evocations


You had one spell level left.
You knew the following spells:

 Your Spells              Type           Power      Damage    Failure   Level
a - Haunt                 Necr/Summ      48%        N/A       56%         7
b - Vampiric Draining     Necr           100%       2d13      0%          3
c - Animate Dead          Necr           100%       N/A       1%          4
d - Anguish               Hex/Necr       53%        N/A       1%          4
e - Dispel Undead         Necr           100%       3d31      1%          4
f - Agony                 Necr           100%       N/A       1%          5
g - Death Channel         Necr           60%        N/A       1%          6
h - Borgnjor's Vile Clut  Necr/Erth      52%        N/A       1%          5

Your spell library contained the following spells:

 Spells                   Type           Power      Damage    Failure   Level
 Necrotise                Necr           100%       1d9       0%          1
 Slow                     Hex            100%       N/A       1%          1
 Ensorcelled Hibernation  Hex/Ice        68%        N/A       1%          2
 Confusing Touch          Hex            53%        N/A       1%          3
 Tukima's Dance           Hex            53%        N/A       1%          3
 Corpse Rot               Necr/Pois/Air  77%        N/A       4%          4
 Static Discharge         Conj/Air       15%        3-5/arc   6%          2
 Animate Armour           Summ/Erth      72%        N/A       7%          4
 Gell's Gravitas          Tloc           15%        N/A       12%         3
 Lesser Beckoning         Tloc           15%        N/A       12%         3
 Teleport Other           Tloc           15%        N/A       12%         3
 Simulacrum               Ice/Necr       45%        N/A       21%         6
 Yara's Violent Unravell  Hex/Tmut       17%        3d8       22%         5
 Summon Lightning Spire   Summ/Air       20%        N/A       24%         4
 Infestation              Necr           60%        N/A       28%         8
 Airstrike                Air            7%         0-4+      36%         4
 Olgreb's Toxic Radiance  Pois           15%        N/A       36%         4
 Passage of Golubria      Tloc           15%        N/A       36%         4
 Sticky Flame             Conj/Fire      23%        2d4       36%         4
 Irradiate                Conj/Tmut      7%         3d14      71%         5
 Lightning Bolt           Conj/Air       7%         1d20      71%         5
 Enfeeble                 Hex            26%        N/A       80%         7
 Iron Shot                Conj/Erth      15%        9d4       86%         6
 Dispersal                Tloc           7%         N/A       99%         6
 Ozocubu's Refrigeration  Ice            7%         4d6       100%        7
 Disjunction              Tloc           7%         N/A       100%        8
 Ignition                 Fire           11%        3d5       100%        8
 Spider Form              Tmut/Pois      Unusable   N/A       N/A         3
 Blade Hands              Tmut           Unusable   N/A       N/A         5
 Dragon Form              Tmut           Unusable   N/A       N/A         7

Dungeon Overview and Level Annotations

Branches:
Dungeon (13/15)            Temple (0/1) D:4            Lair (5/5) D:9
  Swamp (0/4) Lair:2        Snake (0/4) Lair:3        Slime (0/5) Lair:5
    Orc (2/2) D:11            Elf (0/3) Orc:2       Gauntlet (visited)
 Vaults: D:13-14

Altars:
Fedhas
Kikubaaqudgha
Makhleb
Okawaru
Vehumet
Xom
Jiyva

Shops:
D:8 [   D:9 !   Orc:2 *(=

Portals:
Pandemonium: Orc:2

Annotations:
Lair:2 exclusion: oklob plant
Lair:4 exclusion: oklob plant


Innate Abilities, Weirdness & Mutations

You are immune to poison.
Your flesh is cold resistant. (rC+)
You are immune to negative energy. (rN+++)
You are immune to unholy pain and torment.
You are vulnerable to heat. (rF-)
You are strongly in touch with the powers of death.
You do not drink.


Message History

The mass of ice explodes!
The iceblast engulfs the titanic slime creature!
The titanic slime creature is severely wounded.
Unknown command.
Unknown command.
Unknown command.
Unknown command.
Casting: Death Channel (mildly dangerous; 1% risk of failure)
Confirm with . or Enter, or press ? or * to list all spells.
Aiming: Vampiric Draining (safe; 0% risk of failure)
Press: ? - help, Shift-Dir - straight line, f/p - titanic slime creature
Aim: a titanic slime creature (severely wounded, ally target)
You feel a strong surge of power!
You draw life force from the titanic slime creature!!
The titanic slime creature hits you!!!
Unknown command.
Unknown command.
Casting: Vampiric Draining (safe; 0% risk of failure)
Confirm with . or Enter, or press ? or * to list all spells.
Aiming: Vampiric Draining (safe; 0% risk of failure)
Press: ? - help, Shift-Dir - straight line, f/p - titanic slime creature
Aim: a titanic slime creature (severely wounded, ally target)
You feel a strong surge of power!
You draw life force from the titanic slime creature!
You feel life coursing into your body!
Your ugly thing zombie hits the titanic slime creature.
The titanic slime creature hits you!!!
* * * LOW HITPOINT WARNING * * *
Unknown command.
Unknown command.
Casting: Vampiric Draining (safe; 0% risk of failure)
Confirm with . or Enter, or press ? or * to list all spells.
Aiming: Vampiric Draining (safe; 0% risk of failure)
Press: ? - help, Shift-Dir - straight line, f/p - titanic slime creature
Aim: a titanic slime creature (severely wounded, ally target)
You feel a strong surge of power!
You draw life force from the titanic slime creature.
You feel life coursing into your body. The titanic slime creature hits you!!!
You die...
Kikubaaqudgha rasps: "You have failed me!
Welcome... oblivion!"

### . ##.## ##### ..
######.#Z####...##
...
#ZZJ@.###ZZ.Z....####
....
#.####.#Z###........#
.....##.## ##.##
#.....##Z# .......Z.#
### ##...###.#
....###..# ##### #Z#
.. ##..# ######## #Z#
#..Z# #..<...# #.# ..
#.#J#####......# #Z#
...#......##..D...#
#.Z


You could see a titanic slime creature (ally target), a friendly fire dragon
zombie and a friendly ugly thing zombie.

Vanquished Creatures
  A fire dragon (D:13)
  A hydra (Lair:5)
  A centaur warrior (D:13)
  A catoblepas (Lair:5)
  A two-headed ogre (D:12)
  3 orc high priests (Orc:2)
  Nergalle (Orc:1)
  4 skeletal warriors (D:12)
  An orc knight (Orc:2)
  2 wizards (Gauntlet)
  The ghost of UltraNumeron the Zephyrmancer, a novice TeAE of Nemelex Xobeh (D:9)
  2 ugly things
  4 orc sorcerers (Orc:2)
  A manticore (D:8)
  A black mamba (Lair:3)
  An elephant (Lair:5)
  A gargoyle (D:12)
  6 cane toads
  2 kobold demonologists (D:12)
  3 komodo dragons (Lair:2)
  A red devil (Orc:2)
  4 trolls
  Grinder (D:3)
  6 blink frogs
  4 slime creatures
  2 wyverns
  A shadow (D:10)
  5 wraiths
  A vampire (D:12)
  18 yaks
  An unseen horror simulacrum (D:9)
  3 basilisks
  A vampire mosquito (D:12)
  3 swamp worms (Gauntlet)
  A warg (Orc:1)
  An acid dragon (D:12)
  Duvessa (D:5)
  6 water moccasins
  3 ice beasts
  A black bear (D:5)
  10 orc warriors
  A sky beast (D:7)
  4 ogres
  5 wolves
  9 centaurs
  6 kobold brigands
  3 scorpions
  9 bullfrogs
  A necrophage (D:7)
  6 wights
  Dowan (D:5)
  3 killer bees (D:7)
  A howler monkey (D:11)
  6 electric eels
  5 hounds
  A jelly (D:5)
  9 orc priests
  12 iguanas
  10 orc wizards
  Natasha (twice) (D:2)
  Robin (D:2)
  An adder (D:2)
  5 gnolls (D:6)
  2 shadow imps (Gauntlet)
  5 white imps
  A worm (D:5)
  A dart slug (D:2)
  43 orcs
  6 ball pythons
  8 endoplasms
  2 giant cockroaches
  14 goblins
  10 hobgoblins
  5 jackals (D:1)
  46 kobolds
  6 quokkas
  5 bats
  10 frilled lizards
  8 rats
  A bush (D:6)
386 creatures vanquished.

Vanquished Creatures (collateral kills)
  Gastronok (Lair:2)
  A minotaur (Gauntlet)
  Josephine (D:11)
  A boulder beetle (D:13)
  2 hydras
  A two-headed ogre (D:8)
  4 death yaks (Lair:5)
  A sun demon (Orc:2)
  An orc high priest (Orc:2)
  A skeletal warrior (D:12)
  A deep elf pyromancer (D:12)
  2 orc knights (Orc:2)
  An orc sorcerer (Orc:2)
  A will-o-the-wisp (Lair:4)
  A rust devil (Orc:2)
  3 black mambas
  7 elephants (Lair:5)
  A torpor snail (Lair:5)
  2 cane toads (Lair:5)
  4 komodo dragons
  4 polar bears
  4 trolls
  4 slime creatures
  11 blink frogs
  21 yaks
  5 wraiths
  2 vampire mosquitoes (D:12)
  A swamp worm (Gauntlet)
  An acid dragon (D:11)
  11 water moccasins
  A sky beast (D:7)
  10 orc warriors
  2 black bears
  2 wolves
  3 bullfrogs
  A killer bee (D:7)
  2 howler monkeys (D:11)
  A wolf zombie (Lair:2)
  3 hounds
  6 orc priests
  8 iguanas (Lair:2)
  8 orc wizards
  A white imp (D:8)
  26 orcs
  5 goblins
  2 kobolds (D:6)
  5 frilled lizards (Lair:2)
187 creatures vanquished.

Vanquished Creatures (others)
  Saint Roka (Orc:2)
  An ogre mage (D:12)
  6 hydras
  2 boulder beetles
  An alligator (Lair:5)
  2 two-headed ogres
  6 death yaks (Lair:5)
  A deep troll shaman (Lair:5)
  Urug (D:11)
  A tengu warrior (D:12)
  2 orc high priests (Orc:2)
  3 orc knights
  An ugly thing (D:12)
  An orc sorcerer (Orc:2)
  2 cyclopes
  A wolf spider (D:12)
  A manticore (D:11)
  An elephant (Lair:5)
  4 black mambas
  Joseph (D:7)
  4 komodo dragons
  A cane toad (Lair:5)
  2 swamp worm zombies (Gauntlet)
  A polar bear (Lair:5)
  2 trolls
  A hydra zombie (Lair:2)
  11 blink frogs
  A tyrant leech (Gauntlet)
  A black mamba zombie (Lair:5)
  A wraith (D:11)
  2 wyverns
  A slime creature zombie (D:13)
  13 yaks
  A chaos spawn (Orc:2)
  3 vampire mosquitoes (Lair:4)
  2 acid dragons (D:11)
  3 water moccasins
  A warg (Orc:1)
  An ice beast (D:9)
  28 orc warriors
  4 elephant zombies (Lair:5)
  3 ogres (Orc:2)
  2 wolves
  A kobold brigand (D:9)
  A vampire mosquito zombie (Lair:4)
  3 bullfrogs
  2 komodo dragon zombies (Lair:5)
  A wyvern zombie (Lair:5)
  A scorpion (D:12)
  A polar bear zombie (Lair:2)
  4 wights
  A warg zombie (Orc:1)
  3 killer bees
  2 troll zombies (Orc:2)
  7 yak zombies
  3 electric eels
  5 wolf zombies
  2 bullfrog zombies
  2 centaur zombies
  A black bear zombie (Lair:3)
  7 orc priests
  2 iguanas
  2 orc wizards
  3 killer bee zombies
  An acid dragon zombie (D:11)
  An ogre zombie (Orc:2)
  3 hound zombies
  2 gnolls (D:6)
  A shadow imp (Gauntlet)
  2 white imps (D:9)
  An iguana zombie (D:9)
  13 orcs
  A bat zombie (D:13)
  2 goblins
  A ball python (D:13)
  A ball python zombie (D:13)
  A bat (D:13)
  A frilled lizard (Lair:2)
  A gnoll zombie (D:6)
  11 kobolds
  8 kobold zombies
  49 orc zombies
  8 foxfires (Lair:4)
  47 fungi
  50 plants
387 creatures vanquished.

Grand Total: 960 creatures vanquished

Notes
Turn   | Place    | Note
-------+----------+-------------------------------------------
     0 | D:1      | tilp the Mummy Necromancer began the quest for the Orb.
     0 | D:1      | Reached XP level 1. HP: 13/13 MP: 4/4
   173 | D:1      | Reached XP level 2. HP: 20/20 MP: 0/5
   296 | D:1      | Reached skill level 1 in Fighting
   816 | D:1      | Gained mutation: You are in touch with the powers of death.
                  | [Mummy growth]
   816 | D:1      | Reached XP level 3. HP: 26/26 MP: 7/7
   820 | D:1      | Learned a level 3 spell: Vampiric Draining
  1204 | D:2      | Noticed Natasha
  1218 | D:2      | Killed Natasha
  1322 | D:2      | Noticed Natasha
  1329 | D:2      | Killed Natasha
  1330 | D:2      | Reached XP level 4. HP: 33/33 MP: 9/9
  1560 | D:2      | Noticed Robin
  1625 | D:2      | Killed Robin
  1676 | D:2      | Reached skill level 5 in Necromancy
  1703 | D:2      | Reached XP level 5. HP: 38/38 MP: 10/10
  1783 | D:2      | Learned a level 4 spell: Animate Dead
  1956 | D:3      | Found an ancient bone altar of Kikubaaqudgha.
  2057 | D:3      | Became a worshipper of Kikubaaqudgha
  2151 | D:3      | Found a large runed translucent door.
  2151 | D:3      | Found a large runed translucent door.
  2169 | D:3      | Found a shimmering altar of Xom.
  2506 | D:3      | Noticed Grinder
  2607 | D:4      | Found a staircase to the Ecumenical Temple.
  3419 | D:5      | Entered Level 5 of the Dungeon
  3508 | D:5      | Found a radiant altar of Vehumet.
  3573 | D:5      | Reached skill level 6 in Necromancy
  3573 | D:5      | Reached XP level 6. HP: 44/44 MP: 12/12
  3954 | D:5      | Reached XP level 7. HP: 52/52 MP: 13/13
  4031 | D:5      | Found a burning altar of Makhleb.
  4032 | D:5      | Noticed Duvessa
  4041 | D:5      | Reached * piety under Kikubaaqudgha
  4041 | D:5      | Received a gift from Kikubaaqudgha
  4047 | D:5      | Learned a level 4 spell: Anguish
  4276 | D:5      | Noticed Dowan
  4319 | D:5      | Killed Dowan
  4513 | D:5      | Killed Duvessa
  4621 | D:5      | Reached skill level 5 in Spellcasting
  4621 | D:5      | Reached skill level 7 in Necromancy
  4884 | D:6      | Upgraded the game from 0.29-a0-902-g0f71de6fce to
                  | 0.29-a0-911-g88e6f02907
  4895 | D:6      | Reached skill level 1 in Hexes
  4981 | D:6      | Noticed a yak
  5033 | D:6      | Reached XP level 8. HP: 55/60 MP: 14/16
  5460 | D:6      | Learned a level 4 spell: Dispel Undead
  5834 | D:6      | Reached skill level 8 in Necromancy
  6470 | D:7      | Noticed Joseph
  6484 | D:7      | Killed Joseph
  6497 | D:7      | Reached skill level 1 in Evocations
  6497 | D:7      | Reached XP level 9. HP: 66/66 MP: 15/18
  6563 | D:7      | Identified the +7 scimitar of Kaido {vorpal, rN+}
  6790 | D:7      | Reached skill level 5 in Fighting
  7472 | D:8      | Reached skill level 9 in Necromancy
  7475 | D:8      | Reached ** piety under Kikubaaqudgha
  7785 | D:8      | Found Woatheem's Antique Armour Shop.
  8023 | D:8      | Found an iron altar of Okawaru.
  8228 | D:8      | Noticed a two-headed ogre
  8418 | D:8      | Noticed a troll
  8427 | D:8      | Killed a troll
  8443 | D:8      | Learned a level 5 spell: Agony
  8493 | D:8      | Noticed a manticore
  8502 | D:8      | Killed a manticore
  8503 | D:8      | Reached skill level 10 in Necromancy
  8503 | D:8      | Reached XP level 10. HP: 57/76 MP: 10/22
  8821 | D:8      | Killed a two-headed ogre
  8991 | D:9      | Found a staircase to the Lair.
  9217 | D:9      | Found Vaquewka's Distillery.
  9505 | D:9      | Noticed UltraNumeron's ghost (novice TeAE)
  9548 | D:9      | Found a blossoming altar of Fedhas.
  9744 | D:9      | Found a runed translucent gate.
  9744 | D:9      | Found a runed translucent gate.
  9744 | D:9      | Found a runed translucent gate.
  9779 | D:9      | Upgraded the game from 0.29-a0-911-g88e6f02907 to
                  | 0.29-a0-914-g906f1d757c
  9894 | D:9      | Killed UltraNumeron's ghost
  9906 | D:9      | Got the ring "Lues" {Fire Int+3}
  9973 | D:10     | Entered Level 10 of the Dungeon
  9982 | D:10     | Noticed a two-headed ogre
  9985 | D:10     | Killed a two-headed ogre
  9986 | D:10     | Reached XP level 11. HP: 56/84 MP: 19/23
 10145 | D:10     | Reached *** piety under Kikubaaqudgha
 10145 | D:10     | Received a gift from Kikubaaqudgha
 10153 | D:10     | Learned a level 6 spell: Death Channel
 10529 | D:10     | Reached skill level 5 in Hexes
 10529 | D:10     | Reached skill level 11 in Necromancy
 11362 | D:11     | Reached skill level 5 in Dodging
 11369 | D:11     | Noticed Josephine
 11375 | D:11     | Killed Josephine
 11421 | D:11     | Noticed Urug
 11558 | D:11     | Killed Urug
 11559 | D:11     | Reached skill level 12 in Necromancy
 11842 | D:11     | Reached **** piety under Kikubaaqudgha
 12039 | D:11     | Found a staircase to the Orcish Mines.
 12478 | D:3      | Killed Grinder
 13125 | D:6      | Reached ***** piety under Kikubaaqudgha
 13454 | Lair:1   | Entered Level 1 of the Lair of Beasts
 13955 | Lair:1   | Reached XP level 12. HP: 94/94 MP: 15/25
 15009 | Lair:2   | Noticed Gastronok
 15138 | Lair:2   | Noticed a five-headed hydra
 15144 | Lair:2   | Killed a five-headed hydra
 15223 | Lair:2   | Reached skill level 13 in Necromancy
 15226 | Lair:2   | Reached skill level 10 in Spellcasting
 15315 | Lair:2   | Noticed a five-headed hydra
 15323 | Lair:2   | Killed a five-headed hydra
 15324 | Lair:2   | Reached skill level 10 in Fighting
 15360 | Lair:2   | Killed Gastronok
 15850 | Lair:2   | Reached skill level 14 in Necromancy
 15890 | Lair:2   | Noticed a seven-headed hydra
 15894 | Lair:2   | Killed a seven-headed hydra
 16207 | Lair:2   | Noticed a four-headed hydra
 16221 | Lair:2   | Killed a four-headed hydra
 16425 | Lair:2   | Gained mutation: You are strongly in touch with the powers
                  | of death. [Mummy growth]
 16425 | Lair:2   | Reached XP level 13. HP: 57/103 MP: 3/28
 16550 | Lair:2   | Found a staircase to the Swamp.
 16927 | Lair:2   | Learned a level 5 spell: Borgnjor's Vile Clutch
 17233 | Lair:3   | Reached skill level 15 in Necromancy
 17233 | Lair:3   | Reached skill level 1 in Earth Magic
 17548 | Lair:3   | Found a staircase to the Snake Pit.
 18766 | Lair:4   | Found a blossoming altar of Fedhas.
 19244 | Orc:1    | Entered Level 1 of the Orcish Mines
 19462 | Orc:1    | Reached skill level 1 in Armour
 19473 | Orc:1    | Reached ****** piety under Kikubaaqudgha
 19474 | Orc:1    | Received a gift from Kikubaaqudgha
 19555 | Orc:1    | Noticed Nergalle
 19571 | Orc:1    | Killed Nergalle
 20206 | Lair:5   | Entered Level 5 of the Lair of Beasts
 20755 | Lair:5   | Reached XP level 14. HP: 58/111 MP: 13/29
 21059 | Lair:5   | Found a staircase to the Slime Pits.
 21060 | Lair:5   | Found a viscous altar of Jiyva.
 21528 | Lair:5   | Reached skill level 5 in Earth Magic
 21597 | Lair:5   | Reached skill level 5 in Evocations
 22485 | Orc:2    | Entered Level 2 of the Orcish Mines
 22490 | Orc:2    | Noticed Saint Roka
 22661 | Orc:2    | Found a gate leading to a gauntlet.
 22676 | Gauntlet | Entered a Gauntlet
 22676 | Gauntlet | Found a transporter.
 22751 | Gauntlet | Found a transporter.
 22766 | Gauntlet | Found a runed translucent gate.
 22767 | Gauntlet | Found a runed translucent gate.
 22768 | Gauntlet | Found a transporter.
 22772 | Gauntlet | Found a transporter.
 22774 | Gauntlet | Found a large runed translucent door.
 22775 | Gauntlet | Found a large runed translucent door.
 22776 | Gauntlet | Found a large runed translucent door.
 22776 | Gauntlet | Found a large runed translucent door.
 22776 | Gauntlet | Found a runed translucent door.
 22777 | Gauntlet | Found a large runed translucent door.
 22778 | Gauntlet | Found a large runed translucent door.
 22779 | Gauntlet | Found a large runed translucent door.
 22779 | Gauntlet | Found a large runed translucent door.
 22780 | Gauntlet | Found a runed translucent gate.
 22793 | Gauntlet | Found a transporter.
 22793 | Gauntlet | Found a runed translucent gate.
 22794 | Gauntlet | Found a runed translucent gate.
 22796 | Gauntlet | Found a large runed translucent door.
 22797 | Gauntlet | Found a large runed translucent door.
 22806 | Gauntlet | Found a transporter.
 22807 | Gauntlet | Found a large runed translucent door.
 22820 | Gauntlet | Found a transporter.
 22847 | Gauntlet | Found a transporter.
 22847 | Gauntlet | Found a transporter.
 22855 | Gauntlet | Found a transporter.
 22886 | Gauntlet | Found a transporter.
 22886 | Gauntlet | Found a transporter.
 22903 | Gauntlet | Found a large runed translucent door.
 22904 | Gauntlet | Found a large runed translucent door.
 22905 | Gauntlet | Found a large runed translucent door.
 22906 | Gauntlet | Found a runed translucent door.
 22906 | Gauntlet | Found a large runed translucent door.
 22907 | Gauntlet | Found a large runed translucent door.
 22915 | Gauntlet | Found a runed translucent gate.
 23003 | Gauntlet | Identified the +0 hat of the Mashing Gods {*Corrode rPois
                  | Str+2}
 23288 | Gauntlet | Identified the +6 war axe of the Lumpy Curses {holy, rElec
                  | Int+3}
 23419 | Orc:2    | Found a staircase to the Elven Halls.
 23740 | Orc:2    | Killed Saint Roka
 23741 | Orc:2    | Reached skill level 16 in Necromancy
 24097 | Orc:2    | Found Obuizigu's General Store.
 24100 | Orc:2    | Found Abeym's Magic Scroll Emporium.
 24211 | Orc:2    | Your ally Saint Roka died
 24997 | Orc:2    | Reached XP level 15. HP: 120/120 MP: 22/31
 25005 | Orc:2    | Learned a level 7 spell: Haunt
 25067 | Orc:2    | Found Fiog Pewo's Antique Weapon Shop.
 25067 | Orc:2    | Found Var Wuma's Jewellery Boutique.
 25074 | Orc:2    | Found a one-way gate leading to the halls of Pandemonium.
 25270 | Orc:2    | Bought a scroll of identify for 24 gold pieces
 25272 | Orc:2    | Bought a scroll of teleportation for 45 gold pieces
 25272 | Orc:2    | Bought a scroll of poison for 60 gold pieces
 25272 | Orc:2    | Bought a scroll of identify for 30 gold pieces
 25272 | Orc:2    | Bought a scroll of amnesia for 60 gold pieces
 25272 | Orc:2    | Bought a scroll of identify for 30 gold pieces
 25272 | Orc:2    | Bought a scroll of magic mapping for 112 gold pieces
 25302 | Orc:2    | Bought a ring of see invisible for 210 gold pieces
 25302 | Orc:2    | Bought a ring of resist corrosion for 280 gold pieces
 25760 | D:12     | Reached skill level 1 in Summonings
 27092 | D:13     | Demolished by a titanic slime creature

Illustrated notes

Levels and vault maps discovered:
D:1:      doesnt_arrival_eight_statues, layout_loops_ring, minmay_pentomino_v2
D:2:      layout_basic, uniq_natasha, uniq_robin
D:3:      due_chaos_kobolds, layout_loops_corners,
          mainiacjoe_overflow_surrounded_room, uniq_grinder
D:4:      layout_basic, kennysheep_mini_moat, minmay_temple_entry_ruins,
          minmay_misc_feat_x, hangedman_decor_lopped, minmay_misc_feat_columns
D:5:      layout_basic, lemuel_doored_altar, vehumet_crystals,
          hangedman_abyss_or_decor_jellyfish_corner, kennysheep_generic_room_10,
          uniq_duvessa
D:6:      minmay_goblin_kobold_castle, layout_basic, kb_lookout_dungeons_type
D:7:      layout_basic, uniq_joseph
D:8:      layout_cave_pools, old_standard_altar, serial_shops, shop,
          minmay_three_doors
D:9:      layout_big_octagon, mainiacjoe_overflow_alcove_4, erik_lair_island,
          serial_shops, shop, gammafunk_ghost_icy,
          minmay_fractal_squares_gapless_5
D:10:     layout_stronghold
D:11:     layout_rooms, hiddenorc1_lemuel, uniq_josephine, uniq_urug
D:12:     layout_roguey
D:13:     layout_loops_cross, erik_vaults_1, minivault_16, grunt_ministairs_1
Lair:1:   layout_layer_cave, minivault_11
Lair:2:   lemuel_reptile_caves, layout_cave_pods, palyth_hydra_swamp_entry,
          basic_altar, uniq_gastronok
Lair:3:   layout_regular_city, minmay_snake_entry_six_corridors,
          lemuel_fruit_fields, infiniplex_staircase_pool
Lair:4:   layout_regular_city, hangedman_tree_tricks, minmay_holes, pond
Lair:5:   grunt_lair_end_beastmaster, layout_loops_ring, slime_entry_1,
          grunt_megastairs_5, infiniplex_staircase_pool_2
Orc:1:    layout_caves, uniq_nergalle
Orc:2:    pf_orc_diabolical, layout_diamond_mine, gauntlet_entry_generic,
          uniq_saint_roka

Skill      XL: |  1  2  3  4  5  6  7  8  9 10 11 12 13 14 15 |
---------------+----------------------------------------------+-----
Fighting       | 1 2 3 4 6 7 8 10 11 12 | 12.0
Spellcasting   | 3 4 5 6 8 9 11 12 | 12.5
Stealth        | 2 |  2.0
Dodging        | 2 3 4 5 6 7 |  7.4
Necromancy     | 5 6 7 8 10 12 14 15 16 | 16.5
Hexes          | 1 4 6 7 |  7.7
Evocations     | 1 2 3 4 5 6 |  6.0
Earth Magic    | 4 5 6 |  6.0
Armour         | 2 3 4 |  4.0
Summonings     | 2 |  2.1

Action                   |  1- 3 |  4- 6 |  7- 9 | 10-12 | 13-15 || total
-------------------------+-------+-------+-------+-------+-------++-------
Melee: Dagger            |    56 |   157 |   174 |   116 |       ||   503
       Punch             |       |     2 |     6 |     3 |     4 ||    15
       Quarterstaff      |       |       |    37 |       |       ||    37
       Scimitar          |       |       |       |   324 |   331 ||   655
Throw: Dart              |       |       |    11 |       |       ||    11
 Cast: Necrotise         |    27 |    18 |    26 |     5 |     2 ||    78
       Vampiric Draining |       |    15 |    80 |    35 |    25 ||   155
       Anguish           |       |       |    18 |    90 |   126 ||   234
       Animate Dead      |       |       |     4 |    12 |    17 ||    33
       Dispel Undead     |       |       |     8 |     9 |     3 ||    20
       Agony             |       |       |       |     6 |     2 ||     8
       Death Channel     |       |       |       |    16 |    37 ||    53
       Borgnjor's Vile C |       |       |       |       |    38 ||    38
Invok: Unearth Wretches  |       |       |     1 |     2 |     9 ||    12
       Receive Forbidden |       |       |       |       |     1 ||     1
       Torment           |       |       |       |       |     1 ||     1
Evoke: Wand              |       |       |     1 |     5 |     7 ||    13
  Use: Scroll            |     1 |     7 |     2 |     7 |     9 ||    26
 Stab: Sleeping          |     4 |     7 |     2 |     3 |     1 ||    17
       Paralysed         |       |       |     1 |       |     2 ||     3
       Distracted        |       |       |       |     2 |     6 ||     8
Armor: Robe              |    13 |    41 |    49 |   234 |   209 ||   546
Dodge: Dodged            |    23 |    94 |   129 |   513 |   587 ||  1346
Block: Other             |     3 |    11 |       |       |       ||    14

Table legend: (Time is in decaauts)
 A = Elapsed time spent in this place.
 B = Non-inter-level travel time spent in this place.
 C = Inter-level travel time spent in this place.
 D = Time resting spent in this place.
 E = Time spent auto-exploring this place.
 F = Levels seen in this place.
 G = Mean time per level.
                   A        B        C        D        E       F      G
               +--------+--------+--------+--------+--------+-----+--------+
         Total |  27218 |  25119 |   2099 |   1894 |  18562 |  21 | 1296.1 |
       Dungeon |  15331 |  13995 |   1336 |    457 |  10996 |  13 | 1179.3 |
          Lair |   8159 |   7635 |    524 |    685 |   5632 |   5 | 1631.8 |
  Orcish Mines |   3014 |   2776 |    238 |    602 |   1574 |   2 | 1507.0 |
      Gauntlet |    713 |    713 |      0 |    150 |    360 |   1 |  713.0 |
               +--------+--------+--------+--------+--------+-----+--------+

Top non-repeatable levels by time:
     D:6: 2387 daAuts
  Lair:5: 2133 daAuts
   Orc:2: 2083 daAuts
  Lair:2: 2016 daAuts
  Lair:1: 1838 daAuts
     D:8: 1641 daAuts
     D:5: 1417 daAuts
    D:10: 1388 daAuts
    D:12: 1273 daAuts
  Lair:3: 1266 daAuts
     D:9: 1251 daAuts
     D:7: 1081 daAuts
     D:1: 1031 daAuts
     D:3: 958 daAuts
   Orc:1: 930 daAuts
